 Dungeon Crawl Stone Soup version 0.21.1-1-g345015fe64 (webtiles) character file.

2797 Gargoyl the Cudgeler (level 9, -1/74 HPs)
             Began as a Centaur Abyssal Knight on July 9, 2018.
             Was a Priest of Lugonu.
             Slain by a yak (11 damage)
             ... on level 9 of the Dungeon.
             The game lasted 00:16:54 (11220 turns).

Gargoyl the Cudgeler (Centaur Abyssal Knight)      Turns: 11220, Time: 00:16:55

Health: -1/74      AC:  7    Str: 17    XL:     9   Next: 43%
Magic:  13/13      EV: 10    Int: 11    God:    Lugonu [***...]
Gold:   502        SH:  0    Dex: 10    Spells: 8/8 levels left

rFire    . . .     SeeInvis +   d - +2 morningstar "Jellyslayer" {holy, +Blink Dex+2}
rCold    + + .     Gourm    .   (no shield)
rNeg     . . .     Faith    .   l - +3 leather armour
rPois    .         Spirit   .   C - -2 helmet (curse)
rElec    .         Reflect  .   (no cloak)
rCorr    .         Harm     .   (no gloves)
MR       .....     Clarity  +   (no barding)
Stlth    ..........             (no amulet)
HPRegen  0.00/turn              h - ring of see invisible
MPRegen  0.13/turn              j - ring of protection from cold

@: very quick
A: large, hooves 3, clarity, clumsy 1, cold resistance 1, deformed body, speed
2, inhibited regeneration, tough skin 3
a: Depart the Abyss, Bend Space, Banish, Renounce Religion, Evoke Blink


You were on level 9 of the Dungeon.
You worshipped Lugonu.
Lugonu was most pleased with you.
You were not hungry.

You visited 1 branch of the dungeon, and saw 10 of its levels.
You visited the Abyss 1 time.

You collected 502 gold pieces.

Inventory:

Hand Weapons
 a - a +2 hand axe
 d - the +2 morningstar "Jellyslayer" (weapon) {holy, +Blink Dex+2}
   (You found it on level 2 of the Abyss)

   It has been blessed by the Shining One to cause great damage to the undead
   and demons.
   It affects your dexterity (+2).
   It lets you blink.
Missiles
 A - 6 javelins (quivered)
Armour
 l - a +3 leather armour (worn)
 C - a cursed -2 helmet (worn)
Jewellery
 h - a ring of see invisible (left hand)
 j - a ring of protection from cold (right hand)
Wands
 p - a wand of digging (34)
Scrolls
 b - 3 scrolls of identify
 i - a scroll of teleportation
 m - 4 scrolls of amnesia
 o - 3 scrolls of remove curse
 u - a scroll of fog
 z - a scroll of blinking
 E - a scroll of enchant weapon
Potions
 e - a potion of flight
 f - a potion of agility {unknown}
 g - 6 potions of curing
 k - 3 potions of heal wounds
 n - a potion of berserk rage
 q - 4 potions of haste
 r - a potion of brilliance
 s - a potion of magic {unknown}
 t - 2 potions of ambrosia {unknown}
 v - a potion of might
 w - a potion of lignification {unknown}
 x - a potion of degeneration {unknown}
 D - a potion of invisibility {unknown}
Books
 y - a book of Necromancy

   Spells                             Type                      Level
   a - Pain                           Necromancy                   1
   b - Animate Skeleton               Necromancy                   1
   c - Vampiric Draining              Necromancy                   3
   d - Regeneration                   Charms/Necromancy            3
   e - Animate Dead                   Necromancy                   4
   f - Borgnjor's Vile Clutch         Necromancy/Earth             5
 B - a book of Misfortune

   Spells                             Type                      Level
   a - Confusing Touch                Hexes                        1
   b - Confuse                        Hexes                        3
   c - Gell's Gravitas                Translocation                3
   d - Petrify                        Transmutation/Earth          4
   e - Metabolic Englaciation         Hexes/Ice                    5
   f - Yara's Violent Unravelling     Hexes/Transmutation          5
Comestibles
 c - 11 rations
 F - a chunk of flesh


   Skills:
 + Level 5.5 Fighting
 + Level 2.9(5.4) Axes
 + Level 7.0(7.3) Maces & Flails
 * Level 4.7 Armour
 + Level 2.6 Dodging
 * Level 6.3 Invocations


You had 8 spell levels left.
You didn't know any spells.

Dungeon Overview and Level Annotations

Branches:
Dungeon (10/15)            Temple (0/1) D:5            Lair (0/6) D:8
    Orc: D:9-12

Altars:
Ashenzari
Cheibriados
Elyvilon
Gozag
Hepliaklqana
Nemelex Xobeh
Okawaru
Qazlal
Trog
Uskayaw
Xom

Shops:
D:9 (


Innate Abilities, Weirdness & Mutations

You have hooves in place of feet.
Armour fits poorly on your strangely shaped body.
You cover ground very quickly.
You have extremely tough skin. (AC +3)
You possess an exceptional clarity of mind.
You are clumsy. (Dex -2)
Your flesh is cold resistant. (rC+)
You do not regenerate when monsters are visible.


Message History

Lugonu accepts your kill.
Your Maces & Flails skill increases to level 7!
You puncture the yak! Your kick misses the yak.
The yak is heavily wounded.
The yak barely misses you. The yak gores you but does no damage.
You hit the yak but do no damage. You kick the yak.
The yak is heavily wounded.
The yak gores you!
* * * LOW HITPOINT WARNING * * *
You hit the yak.
The yak is severely wounded.
The yak closely misses you.
You barely miss the yak.
The yak is severely wounded.
The yak gores you!
* * * LOW HITPOINT WARNING * * *
You barely miss the yak. You kick the yak, but do no damage.
The yak is severely wounded.
The yak gores you!
You die...

###########
#########.YY@.....###########
#.>.....'.#######.#..........
#......>#.#######.#..........
#.....Y.#.........#..........
#8##..Y##.........####'#####'
##.##...#########.............
8.∩.8....# #.............
...#.....# #............. ..
#.....# #.....######..


You could see 2 yaks.

Vanquished Creatures
  The ghost of Losbrottos the Firebug, an amateur DrFE (D:4)
  A hippogriff (D:7)
  A spriggan (D:7)
  2 yaks (D:9)
  A water moccasin (D:7)
  An orc warrior (D:6)
  2 ice beasts
  A phantom (D:7)
  2 ogres
  2 bullfrogs
  A scorpion (D:7)
  3 killer bees (D:8)
  A crimson imp (D:5)
  4 hounds
  A gnoll shaman (D:4)
  A bullfrog skeleton (D:6)
  A jelly (D:3)
  5 orc priests
  3 orc wizards (D:5)
  3 iguanas
  6 worker ants
  A hound zombie (D:5)
  A hound skeleton (D:4)
  A worker ant zombie (D:8)
  A howler monkey zombie (D:8)
  8 adders
  3 gnolls (D:3)
  3 shadow imps
  2 oozes (D:1)
  An adder skeleton (D:9)
  4 worms (D:2)
  A dart slug (D:1)
  3 leopard geckos
  22 orcs
  10 giant cockroaches
  6 goblins
  9 hobgoblins
  2 quokkas
  2 ball pythons (D:1)
  A bat (D:2)
  9 frilled lizards
  4 kobolds
  11 rats
148 creatures vanquished.

Vanquished Creatures (others)
  An ogre (D:7)
1 creature vanquished.

Grand Total: 149 creatures vanquished

Notes
Turn   | Place    | Note
-------+----------+-------------------------------------------
     0 | Abyss:1  | Gargoyl the Centaur Abyssal Knight began the quest for the Orb.
     0 | Abyss:1  | Reached XP level 1. HP: 19/19 MP: 2/2
    94 | Abyss:1  | Noticed a small abomination
   191 | Abyss:2  | Noticed an iron imp
   199 | Abyss:2  | Noticed an iron imp
   201 | Abyss:2  | Got a transparent morningstar
   202 | D:1      | Escaped the Abyss
   203 | D:1      | Identified the +2 morningstar "Jellyslayer" {holy, +Blink Dex+2} (You found it on level 2 of the Abyss)
   740 | D:1      | Reached XP level 2. HP: 24/26 MP: 3/3
   913 | D:1      | Reached * piety under Lugonu
  1162 | D:1      | Reached XP level 3. HP: 31/31 MP: 4/4
  1594 | D:2      | Reached skill level 1 in Maces & Flails
  1769 | D:2      | Reached XP level 4. HP: 38/38 MP: 6/6
  2606 | D:3      | Reached XP level 5. HP: 34/45 MP: 7/7
  2635 | D:3      | Reached skill level 2 in Maces & Flails
  3211 | D:3      | Found a sparkling altar of Nemelex Xobeh.
  3392 | D:3      | Reached ** piety under Lugonu
  3508 | D:3      | Found a faded altar of an unknown god.
  4090 | D:4      | Found a shimmering altar of Xom.
  4092 | D:4      | Found a stormy altar of Qazlal.
  4130 | D:4      | Reached XP level 6. HP: 19/52 MP: 8/8
  4348 | D:4      | Noticed Losbrottos's ghost (amateur DrFE)
  4402 | D:4      | Killed Losbrottos's ghost
  4402 | D:4      | Reached skill level 3 in Maces & Flails
  4402 | D:4      | Reached skill level 1 in Dodging
  4499 | D:4      | Reached XP level 7. HP: 27/58 MP: 8/10
  4860 | D:4      | Gained mutation: You are clumsy. (Dex -2) [potion of mutation]
  4860 | D:4      | Gained mutation: You are somewhat resistant to further mutation. [potion of mutation]
  4860 | D:4      | Gained mutation: You have a beak for a mouth. [potion of mutation]
  4972 | D:4      | Lost mutation: You are somewhat resistant to further mutation. [potion of mutation]
  4972 | D:4      | Lost mutation: You are clumsy. (Dex -2) [potion of mutation]
  4972 | D:4      | Lost mutation: You have a beak for a mouth. [potion of mutation]
  4972 | D:4      | Gained mutation: You are clumsy. (Dex -2) [potion of mutation]
  4972 | D:4      | Gained mutation: Your flesh is cold resistant. (rC+) [potion of mutation]
  4972 | D:4      | Gained mutation: You do not regenerate when monsters are visible. [potion of mutation]
  4972 | D:4      | Gained mutation: You possess an exceptional clarity of mind. [potion of mutation]
  5500 | D:4      | Found a white marble altar of Elyvilon.
  5685 | D:5      | Entered Level 5 of the Dungeon
  5993 | D:4      | Reached skill level 4 in Maces & Flails
  6451 | D:5      | Found a staircase to the Ecumenical Temple.
  6469 | D:5      | Reached XP level 8. HP: 55/67 MP: 11/11
  6618 | D:5      | Found a hide-covered altar of Uskayaw.
  6619 | D:5      | Found a bloodstained altar of Trog.
  6619 | D:5      | Found a snail-covered altar of Cheibriados.
  6932 | D:5      | Reached skill level 5 in Maces & Flails
  6932 | D:5      | Reached skill level 5 in Invocations
  7195 | D:5      | Reached *** piety under Lugonu
  7567 | D:6      | Found an iron altar of Okawaru.
  7794 | D:6      | Found an opulent altar of Gozag.
  8769 | D:7      | Noticed a hippogriff
  8786 | D:7      | Killed a hippogriff
  8786 | D:7      | Reached skill level 5 in Fighting
  8786 | D:7      | Reached skill level 6 in Maces & Flails
  9563 | D:7      | Reached XP level 9. HP: 62/74 MP: 13/13
 10307 | D:8      | You fall through a shaft for 2 floors!
 10307 | D:10     | Entered Level 10 of the Dungeon
 10310 | D:10     | Noticed a two-headed ogre
 10458 | D:8      | Found a hazy altar of Hepliaklqana.
 10471 | D:8      | Found a bloodstained altar of Trog.
 10570 | D:8      | Found a shattered altar of Ashenzari.
 10630 | D:8      | Found a staircase to the Lair.
 11183 | D:9      | Found Suitif's Weapon Shoppe.
 11215 | D:9      | Reached skill level 7 in Maces & Flails
 11220 | D:9      | Slain by a yak

Skill      XL: |  1  2  3  4  5  6  7  8  9 |
---------------+----------------------------+-----
Armour         | 2 3 4 |  4.7
Maces & Flails | 1 2 3 4 6 7 |  7.0
Axes           | 2 |  2.9
Invocations    | 3 4 5 6 |  6.3
Dodging        | 1 2 |  2.6
Fighting       | 4 5 |  5.5

Action                   |  1- 3 |  4- 6 |  7- 9 || total
-------------------------+-------+-------+-------++-------
Melee: Morningstar       |    81 |    86 |   289 ||   456
       Kick              |    17 |    23 |    56 ||    96
       Hand axe          |       |    17 |       ||    17
Throw: Tomahawk          |       |       |     4 ||     4
       Javelin           |       |       |     2 ||     2
Invok: Depart the Abyss  |     1 |       |       ||     1
       Banish            |       |       |     1 ||     1
  Use: Scroll            |     6 |     5 |     7 ||    18
       Potion            |     1 |       |     5 ||     6
  Eat: Chunk             |     1 |     7 |     9 ||    17
       Ration            |       |       |     3 ||     3
Armor: Scale mail        |    42 |     9 |       ||    51
       Leather armour    |       |    45 |   131 ||   176
Dodge: Dodged            |    38 |    57 |   166 ||   261
